 Dungeon Sprint DCSS version 0.19-a0-1861-g35def1e (webtiles) character file.

5000000 wazuzu the Archmage (level 27, 249/249 HPs)
             Began as a Demonspawn Warper on Oct 12, 2016.
             Was the Champion of Makhleb.
             Quit the game in the Dungeon (Sprint VIII: "Arena of Blood").
             The game lasted 00:05:06 (50 turns).

wazuzu the Archmage (Demonspawn Warper)               Turns: 50, Time: 00:05:06

Health: 249/249    AC:  6    Str: 12    XL:     27
Magic:  15/54      EV: 35    Int: 17    God:    Makhleb [******]
Gold:   0          SH:  0    Dex: 23    Spells: 0 memorised, 80 levels left

rFire  + . .     SeeInvis .     l - +∞ Axe of Woe
rCold  . . .     Gourm    .     b - +0 leather armour
rNeg   . . .     Faith    .     (shield currently unavailable)
rPois  .         Spirit   .     (helmet unavailable)
rElec  .         Dismiss  .     (no cloak)
rCorr  .         Reflect  .     (gloves unavailable)
MR     ++...     Harm     .     (boots unavailable)
Stlth  ++++++++++ NoTele   +    (no amulet)
                                (no ring)
                                (no ring)

@: no status effects
A: claws 3, hooves 3, horns 3, fire resistance 1, hurl damnation, nightstalker
3, spiny 3, flame cloud immunity
a: Hurl Damnation, Minor Destruction, Lesser Servant of Makhleb, Major
Destruction, Greater Servant of Makhleb, Renounce Religion


You were in the Dungeon.
You worshipped Makhleb.
Makhleb was exalted by your worship.
You were not hungry.

You visited 1 branch

Inventory:

Hand Weapons
 a - a +0 hand axe
 l - the +∞ Axe of Woe (weapon)
   (You found it in the Dungeon)
Missiles
 e - 5 tomahawks of dispersal (quivered)
Armour
 b - a +0 leather armour (worn)
Scrolls
 d - 2 scrolls of blinking
Potions
 g - a potion of curing
 h - a potion of heal wounds
 i - a potion of haste
 j - 2 potions of magic
 k - a potion of berserk rage
Books
 c - a book of Spatial Translocations

   Spells                             Type                      Level
   a - Blink                          Translocation                2
   b - Shroud of Golubria             Charms/Translocation         2
   c - Lesser Beckoning               Translocation                3
   d - Portal Projectile              Translocation                3
   e - Teleport Other                 Translocation                3
   f - Passage of Golubria            Translocation                4
Comestibles
 f - a bread ration


   Skills:
 O Level 27 Fighting
 O Level 27 Axes
 O Level 27 Throwing
 O Level 27 Armour
 O Level 27 Dodging
 O Level 27 Stealth
 O Level 27 Unarmed Combat
 O Level 27 Spellcasting
   Level 2.6 Translocations
 O Level 27 Invocations


You had 80 spell levels left.
You didn't know any spells.

Dungeon Overview and Level Annotations

Branches:
Dungeon (1/1)

Altars:
Makhleb


Innate Abilities, Weirdness & Mutations

You have claws for hands.
You have hooves in place of feet.
You have a pair of large horns on your head.
Your flesh is heat resistant. (rF+)
You can hurl damnation.
You are completely attuned to the shadows.
You are completely covered in sharp spines.
You are immune to clouds of flame.


Message History

You destroy the destroyer!
Makhleb accepts your kill.
You feel better.
You have reached level 27, the final one!
Your experience leads to an increase in your attributes!
Increase (S)trength, (I)ntelligence, or (D)exterity?
You feel agile.
Your demonic ancestry asserts itself...
You are surrounded by darkness.
You slash the meat berserker!
You slaughter the meat berserker joyfully.
You kill the meat berserker!
Makhleb accepts your kill.
You hear a shout!
The destroyer blinks!
You hear a shout! x2
A crawling corpse suddenly disappears!
You hear a shout! x2
Two crawling corpses merge to form a small abomination.
You hear a shout!
Are you sure you want to abandon this character and quit the game? (Confirm with "yes".)

..........
.......#L#.%.
...§.X.%..%....
......§........
...x)z)§o......
...z)@§x.o....
..oo)z)§..x..
.o#%.V)o))#.. .
#x.V)xX.#
.###....)xx###..
......###xoz.....
......)_)))......
....#....)#......
. #_.<._#......


You could see a tyrant, 2 destroyers, 3 sculptors of flesh, 2 large
abominations, 2 small abominations, 6 bags of meat and 4 crawling corpses.

Vanquished Creatures
  5 vampire knights (D)
  14 ogres (D)
  39 orcs (D)
  3 hill giants (D)
  2 skeletal warriors (D)
  A small abomination (D)
  2 large abominations (D)
  4 crawling corpses (D)
70 creatures vanquished.

Notes
Turn   | Place    | Note
-------+----------+-------------------------------------------
     0 | D        | wazuzu the Demonspawn Warper began the quest for the Orb.
     0 | D        | Reached XP level 1. HP: 16/16 MP: 3/3
     3 | D        | Noticed a bag of meat
     3 | D        | Noticed a meat berserker
     3 | D        | Noticed a bag of meat
     4 | D        | Became a worshipper of Makhleb the Destroyer
     5 | D        | Noticed a bag of meat
     5 | D        | Killed a bag of meat
     5 | D        | Gained mutation: You have sharp fingernails. [demonic ancestry]
     5 | D        | Reached XP level 2. HP: 41/41 MP: 3/17
     5 | D        | Gained mutation: You have a pair of small horns on your head. [demonic ancestry]
     5 | D        | Reached XP level 3. HP: 47/47 MP: 3/19
     5 | D        | Reached XP level 4. HP: 54/54 MP: 3/20
     5 | D        | Reached XP level 5. HP: 60/60 MP: 3/22
     5 | D        | Reached XP level 6. HP: 67/67 MP: 3/23
     5 | D        | Gained mutation: You have very sharp fingernails. [demonic ancestry]
     5 | D        | Reached XP level 7. HP: 73/73 MP: 3/25
     5 | D        | Gained mutation: You have a pair of horns on your head. [demonic ancestry]
     5 | D        | Reached XP level 8. HP: 80/80 MP: 3/26
     5 | D        | Gained mutation: You have claws for hands. [demonic ancestry]
     5 | D        | Reached XP level 9. HP: 86/86 MP: 3/27
     5 | D        | Gained mutation: You are partially covered in sharp spines. [demonic ancestry]
     5 | D        | Reached XP level 10. HP: 93/93 MP: 3/28
     5 | D        | Gained mutation: You are slightly more attuned to the shadows. [demonic ancestry]
     5 | D        | Reached XP level 11. HP: 99/99 MP: 3/29
     6 | D        | Killed a meat berserker
     6 | D        | Reached * piety under Makhleb
     6 | D        | Reached skill level 15 in Axes
     6 | D        | Reached skill level 15 in Dodging
     6 | D        | Gained mutation: You are mostly covered in sharp spines. [demonic ancestry]
     6 | D        | Reached XP level 12. HP: 106/114 MP: 3/34
     6 | D        | Gained mutation: You have a pair of large horns on your head. [demonic ancestry]
     6 | D        | Reached XP level 13. HP: 112/120 MP: 3/35
     7 | D        | Noticed a bag of meat
     7 | D        | Noticed a meat berserker
     8 | D        | Killed a bag of meat
     8 | D        | Reached XP level 14. HP: 123/131 MP: 4/37
     9 | D        | Killed a meat berserker
     9 | D        | Gained mutation: You have large cloven feet. [demonic ancestry]
     9 | D        | Reached XP level 15. HP: 141/141 MP: 4/40
    11 | D        | Reached ** piety under Makhleb
    13 | D        | Noticed a meat berserker
    14 | D        | Noticed a meat berserker
    14 | D        | Noticed a large bag of meat
    15 | D        | Reached skill level 1 in Stealth
    15 | D        | Gained mutation: You have hoof-like feet. [demonic ancestry]
    15 | D        | Reached XP level 16. HP: 155/155 MP: 6/43
    16 | D        | Noticed a meat berserker
    16 | D        | Reached *** piety under Makhleb
    16 | D        | Killed a meat berserker
    16 | D        | Gained mutation: You have hooves in place of feet. [demonic ancestry]
    16 | D        | Reached XP level 17. HP: 165/168 MP: 6/47
    17 | D        | Reached skill level 10 in Armour
    17 | D        | Killed a meat berserker
    17 | D        | Reached **** piety under Makhleb
    17 | D        | Reached skill level 10 in Throwing
    17 | D        | Reached skill level 27 in Spellcasting
    17 | D        | Gained mutation: Your flesh is heat resistant. (rF+) [demonic ancestry]
    17 | D        | Reached XP level 18. HP: 181/181 MP: 6/49
    18 | D        | Reached skill level 27 in Fighting
    18 | D        | Reached skill level 5 in Stealth
    18 | D        | Reached skill level 27 in Axes
    21 | D        | Noticed a meat berserker
    21 | D        | Reached ***** piety under Makhleb
    21 | D        | Reached skill level 27 in Dodging
    22 | D        | Killed a meat berserker
    22 | D        | Reached skill level 15 in Throwing
    22 | D        | Reached skill level 10 in Stealth
    22 | D        | Gained mutation: You are immune to clouds of flame. [demonic ancestry]
    22 | D        | Reached XP level 19. HP: 189/189 MP: 7/50
    23 | D        | Killed a large bag of meat
    24 | D        | Noticed a large bag of meat
    25 | D        | Reached skill level 15 in Stealth
    25 | D        | Reached ****** piety under Makhleb
    25 | D        | Reached XP level 20. HP: 197/197 MP: 8/51
    26 | D        | Killed a meat berserker
    26 | D        | Reached skill level 27 in Armour
    28 | D        | Reached skill level 27 in Throwing
    28 | D        | Gained mutation: You are completely covered in sharp spines. [demonic ancestry]
    28 | D        | Reached XP level 21. HP: 204/204 MP: 9/52
    29 | D        | Noticed a destroyer
    29 | D        | Reached skill level 27 in Stealth
    30 | D        | Gained mutation: You are significantly more attuned to the shadows. [demonic ancestry]
    30 | D        | Reached XP level 22. HP: 212/212 MP: 9/53
    32 | D        | Reached skill level 27 in Invocations
    34 | D        | Noticed a destroyer
    34 | D        | Noticed a destroyer
    36 | D        | Noticed a destroyer
    36 | D        | Killed a destroyer
    36 | D        | Reached skill level 27 in Unarmed Combat
    36 | D        | Reached XP level 23. HP: 219/219 MP: 11/54
    37 | D        | Noticed a destroyer
    38 | D        | Killed a destroyer
    38 | D        | Reached XP level 24. HP: 227/227 MP: 12/54
    39 | D        | Killed a destroyer
    41 | D        | Reached XP level 25. HP: 234/234 MP: 12/54
    42 | D        | Killed a destroyer
    43 | D        | Noticed a destroyer
    43 | D        | Noticed a destroyer
    44 | D        | Gained mutation: You can hurl damnation. [demonic ancestry]
    44 | D        | Reached XP level 26. HP: 242/242 MP: 13/54
    48 | D        | Noticed a tyrant
    49 | D        | Killed a destroyer
    49 | D        | Gained mutation: You are completely attuned to the shadows. [demonic ancestry]
    49 | D        | Reached XP level 27. HP: 249/249 MP: 14/54
    50 | D        | Quit the game

Vault maps used:
D:        meatsprint

Skill      XL: |  1  2  3  4  5  6  7  8  9 10 11 12 13 14 15 16 17 18 19 20 21 22 |
---------------+-------------------------------------------------------------------+-----
Fighting       | 13 17 18 20 22 24 26 27 | 27.0
Axes           | 12 15 16 18 20 23 25 27 | 27.0
Throwing       | 4 6 7 8 9 10 15 21 27 | 27.0
Armour         | 4 6 7 8 9 10 17 24 27 | 27.0
Dodging        | 12 15 16 18 20 22 23 27 | 27.0
Spellcasting   | 14 18 19 21 23 26 27 | 27.0
Stealth        | 1 3 4 10 15 24 27 | 27.0
Unarmed Combat | 18 27 | 27.0
Invocations    | 24 27 | 27.0
Translocations | |  2.6

Action                   |  1- 3 |  4- 6 |  7- 9 | 10-12 | 13-15 | 16-18 | 19-21 | 22-24 | 25-27 || total
-------------------------+-------+-------+-------+-------+-------+-------+-------+-------+-------++-------
Melee: Executioner's axe |     1 |       |       |     1 |     5 |     5 |     7 |     7 |     6 ||    32
 Abil: Hurl Damnation    |       |       |       |       |       |       |       |       |     1 ||     1
Dodge: Dodged            |       |       |       |       |       |       |       |     2 |     1 ||     3
